 Dungeon Crawl Stone Soup version 0.20-a0-556-g892c87b (webtiles) character file.

429 kae the Slasher (level 6, -6/56 HPs)
             Began as a Minotaur Fighter on Feb 6, 2017.
             Mangled by an ogre
             ... wielding a +0 giant spiked club
              (12 damage)
             ... on level 4 of the Dungeon.
             The game lasted 00:03:02 (2871 turns).

kae the Slasher (Minotaur Fighter)                  Turns: 2871, Time: 00:03:03

Health: -6/56      AC:  8    Str: 23    XL:     6   Next: 66%
Magic:  0/5        EV:  7    Int:  5    God:
Gold:   80         SH:  9    Dex:  9    Spells: 5/5 levels left

rFire    . . .     SeeInvis .   a - +0 long sword
rCold    . . .     Gourm    .   b - +0 scale mail
rNeg     . . .     Faith    .   c - +0 shield
rPois    .         Spirit   +   (helmet restricted)
rElec    .         Reflect  .   (no cloak)
rCorr    .         Harm     .   (no gloves)
MR       .....                  (no boots)
Stlth    ..........             j - amulet of guardian spirit
Regen    0.2/turn               (no ring)
                                e - +1 ring of protection

@: no status effects
A: retaliatory headbutt, horns 2
a: no special abilities


You were on level 4 of the Dungeon.
You were not hungry.

You visited 1 branch of the dungeon, and saw 4 of its levels.

You collected 80 gold pieces.

Inventory:

Hand Weapons
 a - a +0 long sword (weapon)
Armour
 b - a +0 scale mail (worn)
 c - a +0 shield (worn)
Jewellery
 e - a +1 ring of protection (left hand)
 j - an amulet of guardian spirit (around neck)
Scrolls
 k - 2 scrolls of remove curse {unknown}
 q - 2 scrolls of teleportation {unknown}
 r - 2 scrolls of noise {unknown}
 s - a scroll of recharging
 u - 3 scrolls of identify {unknown}
Potions
 g - 2 potions of heal wounds {unknown}
 i - 3 potions of cancellation {unknown}
 m - a potion of degeneration {unknown}
 n - 2 potions of resistance {unknown}
 o - a potion of invisibility {unknown}
 t - a potion of curing {unknown}
Books
 d - a book of Cantrips

   Spells                             Type                      Level
   a - Confusing Touch                Hexes                        1
   b - Animate Skeleton               Necromancy                   1
   c - Summon Small Mammal            Summoning                    1
   d - Apportation                    Translocation                1
Comestibles
 f - 2 bread rations
 h - 13 chunks of flesh
 l - 4 meat rations
 p - a royal jelly
 v - 3 fruits


   Skills:
 + Level 5.4 Fighting
 * Level 6.4 Long Blades
 + Level 5.5 Armour
 - Level 3.6 Shields


You had 5 spell levels left.
You didn't know any spells.

Dungeon Overview and Level Annotations

Branches:
Dungeon (4/15)
 Temple: D:4-7

Altars:
Dithmenos
Makhleb
Trog
Uskayaw
The Shining One


Innate Abilities, Weirdness & Mutations

You reflexively headbutt those who attack you in melee.
You have a pair of horns on your head.


Message History

You are too injured to fight recklessly!
You are too injured to fight recklessly!
You are too injured to fight recklessly!
You are too injured to fight recklessly!
You are too injured to fight recklessly!
You are too injured to fight recklessly!
You hit the ogre. Your headbutt misses the ogre.
The ogre is heavily wounded.
The ogre hits you with a giant spiked club!!
* * * LOW HITPOINT WARNING * * *
You barely miss the ogre.
The ogre is heavily wounded.
You block the ogre's attack.
You hit the ogre but do no damage.
The ogre is heavily wounded.
Okay, then.
You slash the ogre!
The ogre is severely wounded.
The ogre hits you with a giant spiked club!
You die...

## # #### #. ..# #
##+## #.##O##.# ##...##
#...@...# ##.....##
####.#### #.......##
##.#(#
.........####....###
.........'.............
.........####....######
#.......## ##.#.#
##.....## ###.# ##...##
#.#


You could see an ogre.

Vanquished Creatures
  Grinder (D:3)
  An ogre (D:4)
  A worker ant (D:4)
  9 adders
  An adder skeleton (D:4)
  2 leopard geckos
  11 orcs
  8 bats
  A giant cockroach (D:1)
  3 goblins
  3 hobgoblins
  2 quokkas (D:2)
  3 frilled lizards
  5 kobolds
  6 rats
57 creatures vanquished.

Notes
Turn   | Place    | Note
-------+----------+-------------------------------------------
     0 | D:1      | kae the Minotaur Fighter began the quest for the Orb.
     0 | D:1      | Reached XP level 1. HP: 19/19 MP: 0/0
   745 | D:1      | Reached XP level 2. HP: 27/27 MP: 1/1
  1133 | D:2      | Found a burning altar of Makhleb.
  1189 | D:2      | Reached skill level 3 in Long Blades
  1253 | D:2      | Reached XP level 3. HP: 33/33 MP: 2/2
  1693 | D:2      | Found a hide-covered altar of Uskayaw.
  1820 | D:3      | Noticed Grinder
  1826 | D:3      | Killed Grinder
  1826 | D:3      | Reached skill level 5 in Fighting
  1826 | D:3      | Reached skill level 5 in Long Blades
  1826 | D:3      | Reached skill level 5 in Armour
  1826 | D:3      | Reached XP level 4. HP: 19/42 MP: 3/3
  1826 | D:3      | Reached XP level 5. HP: 21/48 MP: 4/4
  2046 | D:3      | Found a bloodstained altar of Trog.
  2068 | D:3      | Reached XP level 6. HP: 55/56 MP: 5/5
  2073 | D:3      | Found a glowing golden altar of the Shining One.
  2540 | D:4      | Found a shadowy altar of Dithmenos.
  2656 | D:4      | Reached skill level 6 in Long Blades
  2871 | D:4      | Mangled by an ogre

Vault maps used:
D:1:      elethiomel_arrival_quiet
D:2:      lemuel_coloured_pillars_altar, lemuel_round_altar
D:3:      nicolae_tso_carved_into_rock, overflow_temple_1_default, uniq_grinder
D:4:      vehumet_statue, first_bread, grunt_dithmenos_smoke_and_mirrors

Skill      XL: |  1  2  3  4  5  6 |
---------------+-------------------+-----
Armour         | 4 5 |  5.5
Long Blades    | 3 5 6 |  6.4
Fighting       | 5 |  5.4
Shields        | |  3.6

Action                   |  1- 3 |  4- 6 || total
-------------------------+-------+-------++-------
Melee: Long sword        |    81 |    92 ||   173
       Headbutt          |    14 |    12 ||    26
  Use: Potion            |     1 |       ||     1
       Scroll            |       |     3 ||     3
  Eat: Chunk             |     1 |     3 ||     4
       Royal jelly       |       |     1 ||     1
Armor: Scale mail        |    46 |    26 ||    72
Dodge: Dodged            |    29 |    29 ||    58
Block: Shield            |    50 |    36 ||    86
       Rpst.: Long sword |     9 |     4 ||    13
